 Dungeon Crawl Stone Soup version 0.28.0-53-g5a82cb258f (webtiles) character file.

Game seed: 2149998110908616838

4 cbfl8 the Skirmisher (level 1, -1/18 HPs)
             Began as a Formicid Berserker on Aug 14, 2022.
             Was a Follower of Trog.
             Slain by an endoplasm (2 damage)
             ... on level 1 of the Dungeon.
             The game lasted 00:03:01 (767 turns).

cbfl8 the Skirmisher (Formicid Berserker)            Turns: 767, Time: 00:03:02

Health: -1/18      AC:  2    Str: 21    XL:     1   Next: 77%
Magic:  1/1        EV: 12    Int:  6    God:    Trog [*.....]
Gold:   52         SH:  0    Dex: 10    Spells: 0/0 levels left

rFire   . . .      SeeInvis +   a - +0 hand axe
rCold   . . .      Faith    .   (no shield)
rNeg    . . .      Spirit   .   b - +0 animal skin
rPois   .          Reflect  .   (helmet unavailable)
rElec   .          Harm     .   (no cloak)
rCorr   .          Rampage  .   (no gloves)
Will    .....                   (no boots)
Stlth   +.........              (no amulet)
HPRegen 0.06/turn               (no ring)
MPRegen 0.07/turn               (no ring)

@: no status effects
A: permanent stasis, dig shafts and tunnels, antennae 3, four strong arms
a: Dig, Shaft Self, Renounce Religion


You were on level 1 of the Dungeon.
You worshipped Trog.
Trog was aware of your devotion.
You visited 1 branch of the dungeon, and saw 1 of its levels.

You collected 52 gold pieces.

Inventory:

Hand Weapons
 a - a +0 hand axe (weapon)
Armour
 b - a +0 animal skin (worn)


   Skills:
 + Level 3.4 Fighting
 + Level 3.1 Axes
 + Level 2.2 Armour
 + Level 1.8 Dodging


You couldn't memorise any spells.
You didn't know any spells.
Your spell library was empty.

Dungeon Overview and Level Annotations

Branches:
Dungeon (1/15)

Altars:

Shops:
D:1 !


Innate Abilities, Weirdness & Mutations

You cannot be hasted, slowed, berserked, paralysed or teleported.
You can dig through walls and to a lower floor.
You have a pair of large antennae on your head. (SInv)
Your four strong arms can wield two-handed weapons with a shield.


Message History

You see here a ball python skeleton.
A hobgoblin comes into view.
The hobgoblin shouts!
A frilled lizard comes into view.
The hobgoblin misses you.
The frilled lizard hisses angrily.
You slash the hobgoblin!
You kill the hobgoblin!
Trog accepts your kill.
You completely miss the frilled lizard. The frilled lizard misses you.
You closely miss the frilled lizard.
The frilled lizard completely misses you.
The frilled lizard bites you.
You hit the frilled lizard.
The frilled lizard is heavily wounded.
The frilled lizard bites you.
You hit the frilled lizard.
You kill the frilled lizard!
Trog accepts your kill.
You start resting.
HP restored.
An endoplasm and a quokka come into view.
The endoplasm quivers.
The quokka misses you. The quokka misses you.
You hit the quokka but do no damage. The quokka bites you.
You barely miss the quokka. You hit the endoplasm but do no damage.
The endoplasm freezes you.
You are frozen.
The quokka bites you.
You closely miss the quokka. You hit the endoplasm. The quokka bites you.
The endoplasm freezes you.
You are frozen.
* * * LOW HITPOINT WARNING * * *
The quokka closely misses you. The endoplasm barely misses you.
As you read the scroll labelled TIM FYACLUACLO, it crumbles to dust.
You feel a strange sense of stasis.
It was a scroll of teleportation.
The quokka bites you.
* * * LOW HITPOINT WARNING * * *
The endoplasm hits you.
You die...

#..........# ### #..........#
#.. #..........# #..
#..........# #.. #..........#
#.. #..........# #..
#####..........# #..
...........Jr..#+#### ####..
..........##@.......# #.....
..........##........####.....
..........##...........'.....
..........##........####...##
..........##........# #...#
..........##........####...#
..........#...........##...#
......#####...........##...#
#...........##...#


You could see an endoplasm and a quokka.

Vanquished Creatures
  A hobgoblin (D:1)
  2 ball pythons (D:1)
  A frilled lizard (D:1)
  A kobold (D:1)
5 creatures vanquished.

Notes
Turn   | Place    | Note
-------+----------+-------------------------------------------
     0 | D:1      | cbfl8 the Formicid Berserker began the quest for the Orb.
     0 | D:1      | Reached XP level 1. HP: 18/18 MP: 1/1
   260 | D:1      | Found Zioll's Distillery.
   767 | D:1      | Slain by an endoplasm

Illustrated notes

Levels and vault maps discovered:
D:1:      sevenhm_arrival_forest_fort_large_2, layout_basic, serial_shops, shop

Action                   || total
-------------------------++-------
Melee: Hand axe          ||    19
  Use: Scroll            ||     1
Armor: Animal skin       ||     2
Dodge: Dodged            ||    16
